AoeStats
← manchoguz

Arabia

507126223Analyzed
1v1 RM · 16d ago on Sep 16, 2026· 59m 59s· 2 players
Game mode
Random Map
Map size
Tiny (2 player)
Population
200
Speed
Normal
Resources
Standard
Victory
Conquest
Starting age
Dark Age
Ending age
Imperial Age
RankedLock teamsTeams togetherTeam positionsShared explorationLock speedFull tech treeHidden civsTurbo modeCheats
Victory
Defeat
🇬🇧 Franks · United Kingdom
137
+12
🇺🇸 Khmer · United States
40
-12
manchoguz
1:23 Loom
14:57 Feudal Age
15:25 Horse Collar
16:38 Wheelbarrow
15:52 Town Watch
25:43 Bloodlines
30:24 Castle Age
31:14 Husbandry
44:59 Light Cavalry
51:45 Heavy Plow
57:00 Imperial Age
NeededOcean3932
5:34 Loom
11:05 Feudal Age
11:35 Double-Bit Axe
19:57 Scale Barding Armor
20:08 Gold Mining
20:41 Forging
26:37 Castle Age
25:10 Stone Mining
27:19 Fletching
30:00 Bow Saw
30:28 Gold Shaft Mining
30:17 Chain Barding Armor
30:33 Iron Casting
30:40 Husbandry
31:07 Elite Skirmisher
32:21 Bodkin Arrow
36:46 #83
47:51 Imperial Age
50:13 Onager
50:16 Capped Ram
51:18 Heavy Scorpion
53:39 Cavalier
56:03 Blast Furnace
56:12 Chivalry
59:51 Wheelbarrow
59:01 Town Watch
59:13 Paladin
Connection lost

Rejoining the realm…

Still unreachable

The connection could not be restored.

Session expired

The server has moved on; the page needs a fresh start.